 Dungeon Crawl Stone Soup version 0.27-a0-1181-g5f64966fcc (webtiles) character file.

Game seed: 10580637595242259430

3093 leviel the Cleaver (level 9, -1/81 HPs)
             Began as a Minotaur Fighter on May 17, 2021.
             Was a Believer of Qazlal.
             Slain by a green ugly thing (3 damage)
             ... on level 7 of the Dungeon.
             The game lasted 00:09:30 (7339 turns).

leviel the Cleaver (Minotaur Fighter)               Turns: 7339, Time: 00:09:33

Health: -1/81      AC: 16    Str: 24    XL:     9   Next: 59%
Magic:  10/10      EV:  5    Int:  5    God:    Qazlal [**....]
Gold:   233        SH: 13    Dex: 10    Spells: 8/8 levels left

rFire    . . .     SeeInvis .   a - +0 war axe
rCold    . . .     Faith    .   c - +0 kite shield
rNeg     + . .     Spirit   .   d - +0 plate armour
rPois    .         Reflect  .   B - +2 hat
rElec    .         Harm     .   (no cloak)
rCorr    .         Rampage  .   k - +0 pair of gloves
Will     .....                  (no boots)
Stlth    ..........             (no amulet)
HPRegen  0.23/turn              A - ring of positive energy
MPRegen  0.12/turn              (no ring)

@: lethally poisoned (-1 -> -44)
A: horns 2, retaliatory headbutt
a: Renounce Religion, Upheaval


You were on level 7 of the Dungeon.
You worshipped Qazlal.
Qazlal was pleased with you.
You visited 2 branches of the dungeon, and saw 8 of its levels.

You collected 491 gold pieces.
You spent 258 gold pieces at shops.

Inventory:

Hand Weapons
 a - a +0 war axe (weapon)
Missiles
 h - 4 throwing nets (quivered)
 y - a curare-tipped dart
Armour
 c - a +0 kite shield (worn)
 d - a +0 plate armour (worn)
 k - a +0 pair of gloves (worn)
 B - a +2 hat (worn)
Jewellery
 A - a ring of positive energy (left hand)
Wands
 v - a wand of polymorph (10)
 w - a wand of flame (20)
 z - a wand of paralysis (5)
Scrolls
 b - a scroll of enchant weapon {unknown}
 e - 8 scrolls of identify {@r1}
 f - a scroll of magic mapping {unknown}
 l - 5 scrolls of teleportation
 n - 2 scrolls of enchant armour {unknown}
 o - a scroll of fear {unknown}
 p - a scroll of immolation {unknown}
 q - 2 scrolls of blinking
 r - a scroll of fog
 s - 3 scrolls of holy word {unknown}
 x - 3 scrolls of amnesia {unknown}
Potions
 g - a potion of berserk rage {unknown}
 i - 6 potions of curing {unknown}
 j - a potion of flight {unknown}
 m - a potion of mutation {unknown}
 u - 2 potions of heal wounds {unknown}


   Skills:
 + Level 7.9 Fighting
 * Level 10.1 Axes
 + Level 8.0 Armour
 + Level 7.8 Shields
 + Level 3.0 Invocations


You had 8 spell levels left.
You didn't know any spells.
Your spell library contained the following spells:

 Spells                   Type           Power      Damage    Failure   Level
 Beastly Appendage        Tmut           0%         N/A       100%        1
 Corona                   Hex            0%         N/A       100%        1
 Summon Small Mammal      Summ           0%         N/A       100%        1
 Call Imp                 Summ           0%         N/A       100%        2
 Ensorcelled Hibernation  Hex/Ice        0%         N/A       100%        2
 Wereblood                Tmut           0%         N/A       100%        2
 Call Canine Familiar     Summ           0%         N/A       100%        3
 Confusing Touch          Hex            0%         N/A       100%        3
 Dazzling Flash           Conj/Hex       0%         N/A       100%        3
 Gell's Gravitas          Tloc           0%         N/A       100%        3
 Spider Form              Tmut/Pois      0%         N/A       100%        3
 Summon Guardian Golem    Hex/Summ       0%         N/A       100%        3
 Tukima's Dance           Hex            0%         N/A       100%        3
 Ice Form                 Ice/Tmut       0%         N/A       100%        4
 Petrify                  Tmut/Erth      0%         N/A       100%        4
 Summon Ice Beast         Ice/Summ       0%         N/A       100%        4
 Summon Lightning Spire   Summ/Air       0%         N/A       100%        4
 Hydra Form               Tmut           0%         N/A       100%        5
 Metabolic Englaciation   Hex/Ice        0%         N/A       100%        5
 Yara's Violent Unravell  Hex/Tmut       0%         3d3       100%        5


Dungeon Overview and Level Annotations

Branches:
Dungeon (7/15)             Temple (1/1) D:4

Altars:
Ashenzari
Dithmenos
Elyvilon
Fedhas
Gozag
Hepliaklqana
Kikubaaqudgha
Makhleb
Nemelex Xobeh
Qazlal
Ru
Sif Muna
Trog
Uskayaw
Vehumet
Wu Jian
Xom
Yredelemnul
The Shining One

Shops:
D:4 *


Innate Abilities, Weirdness & Mutations

You have a pair of horns on your head.
You reflexively headbutt those who attack you in melee.


Message History

The wraith hits you. The wraith drains your vigour!
You feel yourself slow down.
You closely miss the wraith. Your headbutt misses the wraith.
The wraith is almost destroyed.
The wraith hits you but does no damage.
A green ugly thing comes into view.
You barely miss the wraith.
The green ugly thing gurgles horribly!
Your headbutt misses the wraith.
The wraith is almost destroyed.
You hear an angry buzzing noise.
The wraith hits you! The wraith hits you but does no damage.
You slash the wraith!
You destroy the wraith!
Qazlal accepts your kill.
The green ugly thing engulfs you but does no damage.
Your Axes skill increases to level 10!
Your Armour skill increases to level 8!
Your Invocations skill increases to level 3!
You hit the green ugly thing.
The green ugly thing is lightly wounded.
You hear an angry buzzing noise.
A vampire mosquito comes into view.
The green ugly thing engulfs you!
You are poisoned.
The green ugly thing poisons you!
You hear a croak.
You hear an angry buzzing noise.
You slash the green ugly thing!
The green ugly thing is lightly wounded.
You feel extremely sick. The green ugly thing engulfs you.
The green ugly thing engulfs you!
* * * LOW HITPOINT WARNING * * *
You are more poisoned.
The green ugly thing poisons you!
Your magical effects are unravelling.
You feel magically purged.
You feel yourself speed up.
* * * LOW HITPOINT WARNING * * *
You feel extremely sick. The green ugly thing engulfs you.
You die...

.# #.##.##...#)#...##
#### #..# .#
#.##.#(...#.#...(#
#..## .#
#.##.#####...##### #..
# ##
#.##.#.....⌠.....# #.
# #)##.#####...#####
#.. #
#....#)...#.#...?#
#..##
###..##...#.#...##
#..# #...##..#(#..##
#.. #.#..##$#@#?## ##.
#.##).# #u# ## ####
#.###.# .y. #⌠ ...#
#)# #.#.###. #. ##.#
#.# #.#. .' #.
##.#####.###.# ## #.
.............# #⌠
#####(.......########
###
##..##...[#.........##
##..


You could see a green ugly thing and a vampire mosquito.

Vanquished Creatures
  A cyclops (D:7)
  Sigmund (D:3)
  A wraith (D:7)
  Menkaure (D:6)
  2 ice beasts (D:7)
  A black bear (D:5)
  An ogre (D:6)
  A centaur (D:7)
  2 phantoms
  A kobold brigand (D:7)
  3 bullfrogs
  A gnoll sergeant (D:6)
  2 scorpions
  A wyvern skeleton (D:7)
  A water moccasin skeleton (D:4)
  3 wights (D:7)
  4 howler monkeys (D:7)
  2 hounds
  2 jellies (D:7)
  3 centaur zombies
  2 centaur skeletons
  4 iguanas
  5 orc wizards
  A scorpion zombie (D:5)
  A killer bee zombie (D:5)
  A hound skeleton (D:4)
  Robin (D:3)
  12 adders
  8 gnolls
  A shadow imp (D:5)
  A white imp (D:6)
  2 ufetubi
  A worm (D:4)
  4 dart slugs
  16 orcs
  3 ball pythons
  6 endoplasms
  3 giant cockroaches
  12 goblins
  10 hobgoblins
  3 jackals (D:1)
  2 quokkas
  2 bats
  2 frilled lizards (D:1)
  13 kobolds
  5 rats
155 creatures vanquished.

Vanquished Creatures (others)
  A wizard (D:5)
  An orc (D:7)
2 creatures vanquished.

Grand Total: 157 creatures vanquished

Notes
Turn   | Place    | Note
-------+----------+-------------------------------------------
     0 | D:1      | leviel the Minotaur Fighter began the quest for the Orb.
     0 | D:1      | Reached XP level 1. HP: 19/19 MP: 0/0
    72 | D:1      | Reached XP level 2. HP: 27/27 MP: 1/1
   160 | D:1      | Reached skill level 3 in Axes
   286 | D:1      | Reached XP level 3. HP: 22/33 MP: 2/2
   727 | D:1      | Found a faded altar of an unknown god.
  1670 | D:3      | Reached XP level 4. HP: 39/40 MP: 3/3
  1829 | D:3      | Noticed Sigmund
  1848 | D:3      | Killed Sigmund
  1849 | D:3      | Reached skill level 5 in Axes
  1849 | D:3      | Reached XP level 5. HP: 21/47 MP: 4/4
  2148 | D:3      | Noticed Robin
  2161 | D:3      | Reached XP level 6. HP: 51/55 MP: 5/5
  2162 | D:3      | Killed Robin
  2163 | D:3      | Reached skill level 5 in Armour
  2724 | D:4      | Reached skill level 5 in Fighting
  2724 | D:4      | Reached skill level 5 in Shields
  3133 | D:4      | Found a staircase to the Ecumenical Temple.
  3404 | D:4      | Found Rozao's General Store.
  3409 | D:4      | Bought a scroll of blinking for 82 gold pieces
  3409 | D:4      | Bought a scroll of teleportation for 33 gold pieces
  3409 | D:4      | Bought a scroll of identify for 22 gold pieces
  3409 | D:4      | Bought a scroll of fog for 22 gold pieces
  3409 | D:4      | Bought a potion of degeneration for 11 gold pieces
  3409 | D:4      | Bought a potion of cancellation for 88 gold pieces
  3679 | Temple   | Entered the Ecumenical Temple
  3861 | Temple   | Became a worshipper of Qazlal Stormbringer
  3911 | D:5      | Entered Level 5 of the Dungeon
  3955 | D:5      | Found a bloodstained altar of Trog.
  3962 | D:5      | Reached skill level 6 in Axes
  4019 | D:5      | Reached XP level 7. HP: 58/61 MP: 6/6
  4491 | D:5      | Noticed a wizard
  4493 | D:5      | Killed a wizard
  4702 | D:6      | Reached skill level 7 in Axes
  5027 | D:6      | Reached XP level 8. HP: 55/70 MP: 7/7
  5422 | D:6      | Noticed Menkaure
  5429 | D:6      | Killed Menkaure
  5474 | D:6      | Reached * piety under Qazlal
  5475 | D:6      | Reached skill level 8 in Axes
  6149 | D:7      | Reached skill level 1 in Invocations
  6412 | D:7      | Reached skill level 9 in Axes
  6501 | D:7      | Reached XP level 9. HP: 79/79 MP: 9/9
  6508 | D:7      | Identified the ring of Cidadiow {Will- AC+4 Dex+6 SInv
                  | Stlth-}
  6510 | D:7      | Found a shadowy altar of Dithmenos.
  6566 | D:7      | Found a sparkling altar of Nemelex Xobeh.
  7203 | D:7      | Reached ** piety under Qazlal
  7295 | D:7      | Noticed a cyclops
  7307 | D:7      | Killed a cyclops
  7334 | D:7      | Noticed a green ugly thing
  7337 | D:7      | Reached skill level 10 in Axes
  7339 | D:7      | HP: 2/81 [poisoned by a green ugly thing]
  7339 | D:7      | Slain by a green ugly thing

Illustrated notes

Levels and vault maps discovered:
D:1:      moated_graveyard_arrival, layout_basic, basic_ecumenical_altar,
          hex_intersection
D:2:      layout_loops_ring
D:3:      layout_loops_ring, kennysheep_generic_room_15, uniq_sigmund,
          uniq_robin
D:4:      layout_loops_corners, temple_doors_e, serial_shops,
          kennysheep_little_box, st_stairs_3
D:5:      layout_cave_pools, trog_wizard
D:6:      layout_basic, gup_sewer_entry_bowl, due_unseen_surprise, uniq_menkaure
D:7:      minmay_the_grid_octo_tiled_squarecenter
          [minmay_the_grid_octo_odd_swirl, minmay_the_grid_octo_clover,
          minmay_the_grid_octo_checkered, minmay_the_grid_octo_chip,
          minmay_the_grid_square_5x5_megaprize_crossed,
          minmay_the_grid_square_5x5_bite, minmay_the_grid_square_5x5_inner_v,
          minmay_the_grid_square_5x5_two_walls_b,
          minmay_the_grid_square_5x5_shrine2], layout_loops_ring,
          marbit_many_paths, nicolae_overflow_crystal_walls,
          grunt_decor_junction, uniq_crazy_yiuf_cottage
Temple:   regret_index_temple_sphere_string

Skill      XL: |  1  2  3  4  5  6  7  8  9 |
---------------+----------------------------+-----
Axes           | 3 5 6 7 9 10 | 10.1
Fighting       | 4 5 6 7 |  7.9
Armour         | 4 5 6 7 8 |  8.0
Shields        | 4 5 6 7 |  7.8
Invocations    | 1 3 |  3.0

Action                   |  1- 3 |  4- 6 |  7- 9 || total
-------------------------+-------+-------+-------++-------
Melee: War axe           |    76 |    96 |   279 ||   451
       Headbutt          |     9 |    21 |    55 ||    85
  Use: Potion            |       |     1 |     2 ||     3
Armor: Scale mail        |    46 |    19 |       ||    65
       Plate armour      |       |    26 |   143 ||   169
Dodge: Dodged            |    26 |    24 |    49 ||    99
Block: Kite shield       |    42 |    65 |   143 ||   250

Table legend: (Time is in decaauts)
 A = Elapsed time spent in this place.
 B = Non-inter-level travel time spent in this place.
 C = Inter-level travel time spent in this place.
 D = Time resting spent in this place.
 E = Time spent auto-exploring this place.
 F = Levels seen in this place.
 G = Mean time per level.
                   A        B        C        D        E       F      G
               +--------+--------+--------+--------+--------+-----+--------+
         Total |   7493 |   7222 |    271 |    674 |   5475 |   8 |  936.6 |
       Dungeon |   7284 |   7070 |    214 |    674 |   5325 |   7 | 1040.6 |
        Temple |    208 |    152 |     56 |      0 |    150 |   1 |  208.0 |
               +--------+--------+--------+--------+--------+-----+--------+

Top non-repeatable levels by time:
     D:7: 1423 daAuts
     D:6: 1315 daAuts
     D:3: 1064 daAuts
     D:4: 1009 daAuts
     D:1: 1006 daAuts
     D:5: 766 daAuts
     D:2: 700 daAuts
  Temple: 208 daAuts
